 Dungeon Crawl Stone Soup version 0.25-a0-413-g3b4b6a4ccc (webtiles) character file.

Game seed: 15327739837557110605, levelgen mode: deterministic

9070 Borgoz the Fighter (level 11, -19/72 HPs)
             Began as a Gargoyle Gladiator on Jan 14, 2020.
             Was an Initiate of Okawaru.
             Killed from afar by Fannar (34 damage)
             ... with a bolt of cold
             ... on level 10 of the Dungeon.
             The game lasted 00:28:10 (9301 turns).

Borgoz the Fighter (Gargoyle Gladiator)             Turns: 9301, Time: 00:28:11

Health: -19/72     AC: 21    Str: 21    XL:     11   Next: 40%
Magic:  11/11      EV: 23    Int:  9    God:    Okawaru [......]
Gold:   906        SH:  0    Dex: 18    Spells: 10/10 levels left

rFire    . . .     SeeInvis .   a - +2 morningstar (elec)
rCold    . . .     Gourm    .   (no shield)
rNeg     + . .     Faith    .   k - +0 steam dragon scales
rPois    ∞         Spirit   .   c - +0 helmet
rElec    +         Reflect  .   D - +0 cloak
rCorr    .         Harm     .   (no gloves)
MR       .....                  l - +2 pair of boots
Stlth    +++.......             z - amulet of the acrobat
HPRegen  0.62/turn              (no ring)
MPRegen  0.12/turn              (no ring)

@: agile
A: agile 1, blink, negative energy resistance 1, regeneration 1, electricity
resistance, wild magic 1, unbreathing, petrification resistance, rot immunity,
AC +8
a: Blink, Renounce Religion


You were on level 10 of the Dungeon.
You worshipped Okawaru.
Okawaru was noncommittal.
You were not hungry.

You visited 2 branches of the dungeon, and saw 11 of its levels.
You also visited: Ossuary and Bailey.

You collected 906 gold pieces.

Inventory:

Hand Weapons
 a - a +2 morningstar of electrocution (weapon)
Armour
 c - a +0 helmet (worn)
 k - +0 steam dragon scales (worn)
 l - a +2 pair of boots (worn)
 C - a +0 scale mail of fire resistance
 D - a +0 cloak (worn)
Jewellery
 z - an amulet of the acrobat (around neck)
Wands
 q - a wand of iceblast (11)
 u - a wand of paralysis (6)
 E - a wand of scattershot (7)
Scrolls
 b - 8 scrolls of teleportation
 e - 7 scrolls of enchant armour
 h - a scroll of fog
 i - 3 scrolls of immolation {unknown}
 j - 6 scrolls of remove curse
 m - 2 scrolls of fear
 t - a scroll of silence
 v - a scroll of blinking {unknown}
 y - a scroll of summoning {unknown}
Potions
 g - 2 potions of cancellation {unknown}
 r - 7 potions of flight
 w - a potion of berserk rage {unknown}
 x - 3 potions of mutation
 A - a potion of haste
 B - a potion of magic
Comestibles
 d - 2 chunks of flesh
 f - 25 rations


   Skills:
 + Level 9.9 Fighting
 + Level 9.3 Maces & Flails
 - Level 1.7 Throwing
 + Level 9.5 Armour
 + Level 7.8 Dodging


You had 10 spell levels left.
You didn't know any spells.
Your spell library contained the following spells:

 Spells                   Type           Power        Failure   Level  Hunger
 Confusing Touch          Hex            #.......     83%         3    ####...
 Gell's Gravitas          Tloc           #.........   83%         3    ####...
 Petrify                  Tmut/Erth      #.......     99%         4    #####..
 Metabolic Englaciation   Hex/Ice        #.........   100%        5    ######.
 Yara's Violent Unravell  Hex/Tmut       #.........   100%        5    ######.


Dungeon Overview and Level Annotations

Branches:
Dungeon (10/15)            Temple (1/1) D:7            Lair (0/6) D:9
Ossuary (visited)          Bailey (visited)
    Orc: D:9-12

Altars:
Ashenzari
Cheibriados
Dithmenos
Elyvilon
Fedhas
Gozag
Hepliaklqana
Kikubaaqudgha
Makhleb
Nemelex Xobeh
Okawaru
Qazlal
Ru
Sif Muna
Trog
Uskayaw
Vehumet
Wu Jian
Xom
Yredelemnul
Zin
The Shining One
Jiyva

Annotations:
D:10 Fannar


Innate Abilities, Weirdness & Mutations

You are resistant to torment.
Your stone body is resilient. (AC +8)
You are immune to poison.
You resist negative energy. (rN+)
You are resistant to electric shocks. (rElec)
You can survive without breathing.
You are immune to petrification.
You are immune to rotting.
You are agile. (Dex +2)
You can translocate small distances at will.
Your natural rate of healing is unusually fast.
Your spells are a little harder to cast, but a little more powerful.


Message History

Fannar is lightly wounded.
Fannar hits you but does no damage. Fannar freezes you!
The ice beast misses you.
The ice beast hits you but does no damage.
You puncture Fannar! Lightning courses through Fannar!
Fannar is heavily wounded.
Fannar gestures wildly while chanting.
Fannar drains the heat from the surrounding environment!
You feel very cold.
Fannar is frozen.
Fannar resists.
The ice beast hits you but does no damage.
The ice beast closely misses you.
You feel agile all of a sudden. Fannar hits you but does no damage.
Fannar freezes you! The ice beast barely misses you. The ice beast hits you.
The ice beast freezes you!
* * * LOW HITPOINT WARNING * * *
You feel better. Fannar casts a spell at you. The bolt of cold hits you!!
You die...

# #.
##.####
####+####
#......
#.......#
###......
#..@....#
........
#.YYe...#
#......
+.......+
#......
#.......#
#......
#.......#
#.....<
######'##
#####.#
###..#
##.#
#...##
#..#
###'####
#.##


You could see Fannar and 2 ice beasts.

Vanquished Creatures
  An unseen horror (D:9)
  5 gargoyles (D:7)
  Psyche (D:8)
  Maggie (D:8)
  Prince Ribbit (D:8)
  7 yaks
  4 hogs (D:7)
  A human (D:7)
  A hungry ghost (D:8)
  A water moccasin (D:8)
  2 sky beasts
  6 orc warriors
  4 black bears
  A phantom (D:9)
  2 necrophages
  An ogre (D:6)
  3 centaurs
  11 bullfrogs
  A wyvern skeleton (D:9)
  6 killer bees (D:7)
  3 scorpions
  A bullfrog zombie (D:5)
  4 crimson imps
  A quasit (D:8)
  4 jellies
  9 orc wizards
  6 orc priests
  A bullfrog skeleton (D:7)
  2 hounds (D:7)
  2 centaur skeletons
  An iron imp (D:8)
  5 iguanas
  7 worker ants
  A killer bee zombie (D:6)
  3 mummies (Ossuary)
  3 worker ant zombies
  12 adders
  15 gnolls
  A shadow imp (D:5)
  An ooze (D:7)
  3 adder zombies (Ossuary)
  An adder skeleton (D:9)
  2 worms
  5 dart slugs
  3 leopard geckos
  13 orcs
  5 giant cockroaches
  10 goblins
  4 hobgoblins
  13 jackals
  4 kobolds (D:1)
  3 quokkas
  7 bats
  4 frilled lizards
  4 goblin zombies
  2 hobgoblin zombies (Ossuary)
  4 kobold zombies (Ossuary)
  A leopard gecko skeleton (D:8)
  A quokka skeleton (D:9)
  7 quokka zombies
  6 rats
  3 rat zombies
247 creatures vanquished.

Vanquished Creatures (others)
  5 dream sheep (D:5)
5 creatures vanquished.

Grand Total: 252 creatures vanquished

Notes
Turn   | Place    | Note
-------+----------+-------------------------------------------
     0 | D:1      | Borgoz the Gargoyle Gladiator began the quest for the Orb.
     0 | D:1      | Reached XP level 1. HP: 12/12 MP: 1/1
   138 | D:1      | Reached XP level 2. HP: 17/18 MP: 2/2
   346 | D:1      | Reached skill level 1 in Armour
   567 | D:1      | Reached XP level 3. HP: 22/22 MP: 3/3
  1497 | D:2      | Reached XP level 4. HP: 27/27 MP: 4/4
  1540 | D:2      | Found a hide-covered altar of Uskayaw.
  1596 | D:2      | Gained mutation: You are agile. (Dex +2) [potion of
                  | mutation]
  1596 | D:2      | Gained mutation: You can translocate small distances at
                  | will. [potion of mutation]
  1596 | D:2      | Gained mutation: Your spells are a little harder to cast,
                  | but a little more powerful. [potion of mutation]
  1596 | D:2      | Gained mutation: Your natural rate of healing is unusually
                  | fast. [potion of mutation]
  1836 | D:2      | Reached XP level 5. HP: 32/32 MP: 5/5
  1981 | D:3      | Found a sacrificial altar of Ru.
  2440 | D:3      | Found an opulent altar of Gozag.
  2506 | D:3      | Found a stormy altar of Qazlal.
  2508 | D:3      | Found a shimmering blue altar of Sif Muna.
  2727 | D:3      | Found a white marble altar of Elyvilon.
  2947 | D:3      | Found a glowing silver altar of Zin.
  2948 | D:3      | Found a snail-covered altar of Cheibriados.
  2948 | D:3      | Found a shadowy altar of Dithmenos.
  2950 | D:3      | Found a hazy altar of Hepliaklqana.
  2951 | D:3      | Found a glowing golden altar of the Shining One.
  3010 | D:4      | Found a bloodstained altar of Trog.
  3320 | D:4      | Found an ancient bone altar of Kikubaaqudgha.
  3440 | D:4      | Reached XP level 6. HP: 32/38 MP: 6/6
  3762 | D:5      | Entered Level 5 of the Dungeon
  3865 | D:5      | Reached XP level 7. HP: 20/44 MP: 7/7
  4132 | D:5      | Noticed a dream sheep
  4132 | D:5      | Noticed a dream sheep
  4132 | D:5      | Noticed a dream sheep
  4132 | D:5      | Noticed a dream sheep
  4132 | D:5      | Noticed a dream sheep
  4132 | D:5      | Found a shimmering altar of Xom.
  4137 | D:5      | Killed a dream sheep
  4137 | D:5      | Killed a dream sheep
  4137 | D:5      | Killed a dream sheep
  4137 | D:5      | Killed a dream sheep
  4139 | D:5      | Killed a dream sheep
  4524 | D:5      | Reached skill level 5 in Maces & Flails
  4781 | D:5      | Reached skill level 5 in Fighting
  5125 | D:6      | Reached XP level 8. HP: 48/49 MP: 8/8
  5227 | D:6      | Found a sand-covered staircase.
  5252 | Ossuary  | Entered an ossuary
  5456 | D:6      | Reached skill level 5 in Armour
  5779 | D:6      | Reached skill level 5 in Dodging
  6009 | D:6      | Reached XP level 9. HP: 49/56 MP: 9/9
  6342 | D:7      | Found a staircase to the Ecumenical Temple.
  6464 | D:7      | Found a flagged portal.
  6493 | Bailey   | Entered a bailey
  6634 | Bailey   | Found a burning altar of Makhleb.
  6698 | D:7      | Found an opulent altar of Gozag.
  6738 | D:7      | Noticed a gargoyle
  6755 | D:7      | Killed a gargoyle
  6811 | D:7      | Noticed a gargoyle
  6831 | D:7      | Killed a gargoyle
  6892 | D:7      | Noticed a gargoyle
  6914 | D:7      | Killed a gargoyle
  6957 | D:7      | Noticed a gargoyle
  6974 | D:7      | Killed a gargoyle
  6974 | D:7      | Reached XP level 10. HP: 44/64 MP: 10/10
  7019 | D:7      | Noticed a gargoyle
  7044 | D:7      | Killed a gargoyle
  7151 | Temple   | Entered the Ecumenical Temple
  7612 | D:8      | Noticed Maggie
  7658 | D:8      | Killed Maggie
  7684 | D:8      | Noticed Psyche
  7692 | D:8      | Paralysed by Psyche for 5 turns
  7698 | D:8      | Killed Psyche
  7704 | D:8      | Noticed Prince Ribbit
  7737 | D:8      | Killed Prince Ribbit
  7804 | D:8      | Found an ornate altar of the Wu Jian Council.
  7916 | D:8      | Reached XP level 11. HP: 64/71 MP: 11/11
  8028 | D:8      | Found a shimmering altar of Xom.
  8161 | D:8      | Found a snail-covered altar of Cheibriados.
  8367 | D:9      | Killed an unseen horror
  8380 | D:9      | Found a staircase to the Lair.
  8610 | Temple   | Became a worshipper of Warmaster Okawaru
  8876 | D:9      | Found a blossoming altar of Fedhas.
  9117 | D:10     | Entered Level 10 of the Dungeon
  9280 | D:10     | Noticed Fannar
  9301 | D:10     | Killed from afar by Fannar

Levels and vault maps discovered:
D:1:      saegor_arrival_simple_d, layout_basic, kennysheep_decorative_pillar,
          chequers_serial_rivers_small_a
D:2:      layout_rooms, eat_drink_and_be_merry_uskayaw
D:3:      layout_basic, grunt_gozag_breadcrumbs, minitemple,
          lemuel_coloured_pillars_altar, nicolae_ru_awakened_eye
D:4:      layout_basic, overflow_temple_1_default,
          lemuel_zombie_altar_kikubaaqudgha, first_ration, grunt_ministairs_8
D:5:      layout_loops_corners, kb_xom_exploding_sheep
D:6:      layout_basic, enter_ossuary_4
D:7:      cheibrodos_statue_roulette, layout_loops_cross,
          minmay_temple_entry_gardened_gates, basic_altar, enter_bailey_2,
          grunt_livestock, st_stairs_8
D:8:      layout_rooms, kennysheep_mini_moat, basic_altar, serial_park_tiny_2,
          chei_slow_surprise, uniq_psyche, uniq_prince_ribbit1, uniq_maggie
D:9:      layout_roguey, grunt_lair_entry_orc_guard_hut, fedhas_ov_isle_minmay
D:10:     layout_roguey, uniq_erolcha, uniq_fannar
Temple:   pf_slimified_temple

Skill      XL: |  1  2  3  4  5  6  7  8  9 10 11 |
---------------+----------------------------------+-----
Armour         | 1 2 3 4 5 7 8 9 |  9.5
Fighting       | 3 4 5 6 8 9 |  9.9
Dodging        | 3 4 5 6 7 |  7.8
Maces & Flails | 4 5 6 7 8 9 |  9.3
Throwing       | |  1.7

Action                   |  1- 3 |  4- 6 |  7- 9 | 10-12 || total
-------------------------+-------+-------+-------+-------++-------
Melee: Flail             |   134 |   256 |   573 |    24 ||   987
       Morningstar       |       |       |       |   308 ||   308
Throw: Throwing net      |     1 |       |     5 |       ||     6
Evoke: Wand              |       |       |     1 |       ||     1
  Use: Potion            |     1 |     5 |     3 |     5 ||    14
       Scroll            |       |     2 |    14 |     4 ||    20
 Stab: Held in net/web   |       |       |     3 |       ||     3
       Invisible         |       |       |       |     1 ||     1
  Eat: Chunk             |     2 |     7 |     8 |    14 ||    31
       Ration            |       |       |     1 |       ||     1
Armor: Leather armour    |    17 |       |       |       ||    17
       Chain mail        |    75 |   216 |    62 |       ||   353
       Skin              |       |    13 |       |       ||    13
       Ring mail         |       |       |   186 |       ||   186
       Scale mail        |       |       |    13 |    77 ||    90
       Plate armour      |       |       |     8 |       ||     8
       Steam dragon scal |       |       |       |   105 ||   105
Dodge: Dodged            |    61 |   139 |   442 |   293 ||   935

Table legend:
 A = Non-vault XP
 B = Vault XP
 C = Vault XP percentage of total XP
 D = Non-vault monster count
 E = Vault monster count
 F = Vault count percentage of total count
                 A         B        C        D         E       F
            +---------+---------+-------+---------+---------+-------
      Total |    7697 |    5261 |  40.6 |     198 |      49 |  19.8
            +---------+---------+-------+---------+---------+-------
        D:1 |      81 |       0 |   0.0 |      28 |       0 |   0.0
        D:2 |      84 |       0 |   0.0 |      19 |       0 |   0.0
        D:3 |      27 |       0 |   0.0 |       9 |       0 |   0.0
        D:4 |     154 |       1 |   0.6 |      10 |       1 |   9.1
        D:5 |     839 |       0 |   0.0 |      42 |       0 |   0.0
        D:6 |    1132 |       2 |   0.2 |      19 |       2 |   9.5
        D:7 |    1129 |    3223 |  74.1 |      20 |      11 |  35.5
        D:8 |    2134 |     927 |  30.3 |      25 |       4 |  13.8
        D:9 |    1877 |     592 |  24.0 |      23 |       4 |  14.8
       D:10 |     240 |       0 |   0.0 |       3 |       0 |   0.0
    Ossuary |       0 |      87 | 100.0 |       0 |      21 | 100.0
     Bailey |       0 |     429 | 100.0 |       0 |       6 | 100.0
            +---------+---------+-------+---------+---------+-------
